 Dungeon Crawl Stone Soup version 0.30.1-3-gfc49f6343a (webtiles) character file.

Game seed: 3539180868118831998

117 KyoPewz the Cudgeller (level 5, -8/50 HPs)
             Began as an Ogre Gladiator on Aug 3, 2023.
             Was a Follower of Nemelex Xobeh.
             Mangled by Terence
             ... wielding a +3 heavy hand axe
              (13 damage)
             ... on level 3 of the Dungeon.
             The game lasted 00:03:32 (1791 turns).

KyoPewz the Cudgeller (Ogre Gladiator)              Turns: 1791, Time: 00:03:33

Health: -8/50      AC:  3    Str: 20    XL:     5   Next: 1%
Magic:  0/5        EV: 10    Int:  9    God:    Nemelex Xobeh [*.....]
Gold:   127        SH:  0    Dex: 10    Spells: 4/4 levels left

rFire   . . .        a - +0 flail
rCold   . . .        (no shield)
rNeg    . . .        b - +0 robe
rPois   .            c - +0 hat
rElec   .            (no cloak)
rCorr   .            (gloves unavailable)
SInv    .            (boots unavailable)
Will    .....        n - amulet of guardian spirit
Stlth   +            (no ring)
HPRegen 0.28/turn    (no ring)
MPRegen 0.09/turn

%: guardian spirit
@: no status effects
A: large, unfitting armour, tough skin 1
a: Renounce Religion, Draw Escape, Draw Destruction, Draw Summoning


You were on level 3 of the Dungeon.
You worshipped Nemelex Xobeh.
Nemelex Xobeh was aware of your devotion.
You visited 1 branch of the dungeon, and saw 3 of its levels.

You collected 127 gold pieces.

Inventory:

Hand Weapons
 a - a +0 flail (weapon)
Missiles
 d - 3 throwing nets (quivered)
 g - 11 stones
Armour
 b - a +0 robe (worn)
 c - a +0 hat (worn)
Jewellery
 n - an amulet of guardian spirit (around neck)
Scrolls
 f - 2 scrolls of blinking {unknown}
 l - 2 scrolls of teleportation {unknown}
Potions
 h - a potion of attraction {unknown}
 i - 2 potions of invisibility {unknown}
 j - a potion of degeneration {unknown}
 k - a potion of lignification {unknown}
 m - a potion of berserk rage {unknown}


   Skills:
 - Level 2.6 Fighting
 + Level 5.0 Maces & Flails
 - Level 2.0 Throwing
 - Level 2.6 Dodging


You had 4 spell levels left.
You didn't know any spells.
Your spell library contained the following spells:

 Spells                   Type           Power      Damage    Failure   Level
 Sting                    Tmut/Pois      0%         1d3       38%         1
 Lesser Beckoning         Tloc           0%         N/A       52%         2
 Poisonous Vapours        Pois/Air       0%         N/A       52%         2
 Gell's Gravitas          Tloc           0%         N/A       77%         3
 Teleport Other           Tloc           0%         N/A       77%         3
 Olgreb's Toxic Radiance  Pois           0%         N/A       99%         4


Dungeon Overview and Level Annotations

Branches:
Dungeon (3/15)

Altars:
Elyvilon
Gozag
Nemelex Xobeh
Trog
Vehumet

Annotations:
D:3 Terence


Innate Abilities, Weirdness & Mutations

You are too large for most types of armour.
You have tough skin. (AC +1)


Message History

Press: ? - help, Shift-Dir - straight line, f - Terence
Aim: Terence, wielding a +3 heavy hand axe and wearing a +0 scale mail Terence convulses!
You hit Terence.
Terence is heavily wounded.
Terence hits you with a +3 heavy hand axe!
You take 11 damage, and have 26/50 hp.
MASSIVE DAMAGE!!
You now have 2/5 mp.
You barely miss Terence.
Terence is heavily wounded.
Terence hits you with a +3 heavy hand axe!
You take 6 damage, and have 20/50 hp.
You now have 1/5 mp.
You draw a card...
You have drawn the Storm.
A fierce wind blows from the card.
Terence is knocked back by the gust of wind.
You hear a mighty peal of thunder!
The deck of cards glows slightly and disappears.
Okay, then.
Unknown command.
Throw: large rock
Press: ? - help, Shift-Dir - straight line, f/p - Terence
Aim: Terence, wielding a +3 heavy hand axe and wearing a +0 scale mail (heavily wounded, 61% to hit)
You throw a large rock. The large rock barely misses Terence.
You sock Terence!
Terence is almost dead.
Terence hits you with a +3 heavy hand axe.
You take 3 damage, and have 18/50 hp.
Press: ? - help, v - describe, . - travel
Here: Terence, wielding a +3 heavy hand axe and wearing a +0 scale mail (almost dead)
The floor.
Unknown command.
You closely miss Terence.
Terence is almost dead.
You hit Terence.
Terence is almost dead.
Terence hits you with a +3 heavy hand axe!
* * * LOW HITPOINT WARNING * * *
You take 13 damage, and have 5/50 hp.
MASSIVE DAMAGE!!
You now have 0/5 mp.
You draw a card...
You have drawn the Cloud.
Clouds appear around you!
Terence hits you with a +3 heavy hand axe!
You die...
Your body disappears without a glow.

...#.....#.### .#.#
...#.....# ..(#.#
...#..... #....#
......... #....#
......... #....###
......... #......
.<...#### #§§§.# .....#
#§@§.# .....#### #@#
......... #.#
#....##### #.#
#....#...# ##.##
.....#._.######...##
######...#..##.....##
...#.###.##.#.......#
.#.#....###....._......
.#...##.###.#.......##.


You could see Terence.

Vanquished Creatures
  A scorpion (D:2)
  2 adders (D:2)
  A dart slug (D:1)
  3 ball pythons
  A bat (D:2)
  5 endoplasms
  2 giant cockroaches (D:1)
  A goblin (D:1)
  4 hobgoblins (D:1)
  2 jackals (D:1)
  A quokka (D:1)
  2 frilled lizards
  5 kobolds (D:2)
  5 rats
35 creatures vanquished.

Notes
Turn   | Place    | Note
-------+----------+-------------------------------------------
     0 | D:1      | KyoPewz the Ogre Gladiator began the quest for the Orb.
     0 | D:1      | Reached XP level 1. HP: 22/22 MP: 1/1
    67 | D:1      | Reached skill level 3 in Maces & Flails
   172 | D:1      | Reached XP level 2. HP: 26/29 MP: 2/2
   588 | D:1      | Reached XP level 3. HP: 34/36 MP: 3/3
   772 | D:2      | Reached skill level 4 in Maces & Flails
  1020 | D:2      | Noticed a scorpion
  1028 | D:2      | Killed a scorpion
  1029 | D:2      | Reached XP level 4. HP: 27/44 MP: 4/4
  1125 | D:2      | Found a faded altar of an unknown god.
  1128 | D:2      | Prayed at the altar of an unknown god.
  1128 | D:2      | Became a worshipper of Nemelex Xobeh the Trickster
  1128 | D:2      | Reached * piety under Nemelex Xobeh
  1128 | D:2      | Received a gift from Nemelex Xobeh
  1198 | D:2      | Reached skill level 5 in Maces & Flails
  1423 | D:2      | Found a bloodstained altar of Trog.
  1674 | D:3      | Noticed Terence
  1680 | D:2      | Reached XP level 5. HP: 50/50 MP: 5/5
  1740 | D:3      | Found a white marble altar of Elyvilon.
  1757 | D:3      | Found an opulent altar of Gozag.
  1772 | D:3      | Found a radiant altar of Vehumet.
  1791 | D:3      | Mangled by Terence

Illustrated notes

Levels and vault maps discovered:
D:1:      minmay_arrival_three_doors, layout_basic, minmay_misc_feat_tiny
D:2:      layout_basic, basic_altar, hellmonk_ecumenical_altar_inner_sanctum,
          chequers_serial_rivers_micro_a
D:3:      layout_basic, lemuel_round_altar, mainiacjoe_overflow_swirl,
          trog_book, serial_shops, nicolae_shop_getting_attention,
          nicolae_shop_bloodbath_and_beyond, serial_rivers,
          chequers_serial_rivers_large_a, chequers_serial_rivers_room_a,
          chequers_serial_rivers_small_b, chequers_serial_rivers_large_b,
          minmay_goblin_kobold_house, uniq_terence

Skill      XL: |  1  2  3  4 |
---------------+-------------+-----
Maces & Flails | 3 4 5 |  5.0
Fighting       | |  2.6
Throwing       | |  2.0
Dodging        | |  2.6

Action                     |  1- 3 |  4- 6 || total
---------------------------+-------+-------++-------
  Melee: Flail             |    86 |    25 ||   111
         Punch             |     1 |     1 ||     2
  Throw: Large rock        |     1 |     1 ||     2
 Invoke: Draw Destruction  |       |     2 ||     2
         Draw Escape       |       |     1 ||     1
   Stab: Sleeping          |     1 |     1 ||     2
 Armour: Robe              |    23 |     6 ||    29
  Dodge: Dodged            |    40 |     5 ||    45
